 Dungeon Crawl Stone Soup version 0.32-a0-886-g41c5271027 (webtiles) character file.

Game seed: 2401258224630090814

563 KennySheep the Cudgeller (level 7, -1/46 (56) HPs)
             Began as a Formicid Cinder Acolyte on Apr 3, 2024.
             Was an Elder of Ignis.
             Slain by an orc
             ... wielding a +3 mace of draining
              (3 damage)
             ... on level 5 of the Dungeon.
             The game lasted 00:12:15 (3231 turns).

KennySheep the Cudgeller (Formicid Cinder Acolyte)  Turns: 3231, Time: 00:12:16

HP:   -1/46 (56)    AC:  8    Str: 20    XL:     7   Next: 58%
MP:   8/8           EV:  8    Int: 14    God:    Ignis [****..]
Gold: 236           SH:  0    Dex:  9    Spells: 8/8 levels left

rFire   + + .        o - +0 flail
rCold   + + .        (no shield)
rNeg    . . .        g - +0 scale mail
rPois   +            (helmet unavailable)
rElec   +            (no cloak)
rCorr   +            (no gloves)
SInv    +            (no boots)
Will    .....        (no amulet) Stlth
                     (no ring)
HPRegen 0.27/turn    (no ring)
MPRegen 0.11/turn

%: no passive effects
@: resistant, heavily drained
A: permanent stasis, dig shafts and tunnels, antennae 3, four strong arms,
hooves 1, iridescent scales 1, cold resistance 1
a: Dig, Shaft Self, Renounce Religion, Fiery Armour, Foxfire Swarm, Rising Flame


You were on level 5 of the Dungeon.
You worshipped Ignis.
Ignis was greatly pleased with you.
You visited 1 branch of the dungeon, and saw 5 of its levels.

You collected 236 gold pieces.

Inventory:

Hand Weapons
 a - a -1 mace of flaming
 o - a +0 flail (weapon)
Armour
 b - a +0 robe
 g - a +0 scale mail (worn)
Scrolls
 c - a scroll of revelation
 d - a scroll of noise
 e - a scroll of silence
 j - a scroll of blinking
 k - 3 scrolls of teleportation
 m - a scroll of fog {unknown}
 n - a scroll of fear {unknown}
 p - a scroll of enchant armour {unknown}
 r - a scroll of amnesia {unknown}
 s - a scroll of immolation {unknown}
Potions
 h - a potion of berserk rage
 l - a potion of enlightenment
 t - a potion of haste


   Skills:
 + Level 5.3 Fighting
 * Level 6.3 Maces & Flails
 + Level 3.5 Armour
 - Level 1.1 Spellcasting
 - Level 3.0 Fire Magic


You had 8 spell levels left.
You didn't know any spells.
Your spell library contained the following spells:

 Spells                   Type           Power      Damage    Failure   Level
 Scorch                   Fire           18%        2d5       32%         2
 Sandblast                Erth           0%         2d4       58%         1
 Sting                    Conj/Alch      0%         1d3       58%         1
 Dazzling Flash           Conj/Hex       0%         N/A       91%         3
 Frozen Ramparts          Ice            0%         1d1       91%         3
 Mephitic Cloud           Conj/Alch/Air  0%         N/A       91%         3
 Ozocubu's Armour         Ice            0%         N/A       91%         3
 Stone Arrow              Conj/Erth      0%         3d7       91%         3
 Brom's Barrelling Bould  Conj/Erth      0%         2d3       100%        4
 Curse of Agony           Necr           0%         N/A       100%        5
 Metabolic Englaciation   Hex/Ice        0%         N/A       100%        5
 Silence                  Hex/Air        0%         N/A       100%        5


Dungeon Overview and Level Annotations

Branches:
Dungeon (5/15)
 Temple: D:4-7

Altars:


Innate Abilities, Weirdness & Mutations

You cannot be hasted, slowed, berserked, paralysed or teleported.
You can dig through walls and to a lower floor.
You have a pair of large antennae on your head. (SInv)
Your four strong arms can wield two-handed weapons with a shield.
You have large cloven feet.
You are partially covered in iridescent scales. (AC +2)
Your flesh is cold resistant. (rC+)


Message History

An orc comes into view. It is wielding a +0 club.
The orc hits you but does no damage.
The orc hits you with a +3 mace of draining.
* * * LOW HITPOINT WARNING * * *
You feel drained.
Okay, then.
The air fills with toxic fumes!
As you read the scroll of poison, it crumbles to dust.
The orc hits you with a +3 mace of draining.
* * * LOW HITPOINT WARNING * * *
You feel drained.
* * * LOW HITPOINT WARNING * * *
The orc hits you with a +0 club.
* * * LOW HITPOINT WARNING * * *
You sock the orc!
You kill the orc!
The orc hits you but does no damage.
The orc hits you with a +3 mace of draining.
* * * LOW HITPOINT WARNING * * *
You feel drained. The orc hits you with a +0 flail.
* * * LOW HITPOINT WARNING * * *
Things that are here:
a +0 club; an orc corpse It was a potion of mutation.
You feel extremely strange.
Iridescent scales grow over part of your body.
You feel resistant to cold.
Your feet thicken and deform.
The orc hits you with a +3 mace of draining.
* * * LOW HITPOINT WARNING * * *
You feel drained.
* * * LOW HITPOINT WARNING * * *
It was a potion of resistance.
You feel protected.
The orc hits you with a +3 mace of draining.
* * * LOW HITPOINT WARNING * * *
You feel drained.
It was a potion of haste.
Your stasis prevents you from being hasted.
The orc hits you with a +3 mace of draining.
You die...
Ignis goes out, and joins you in death.

###..<.......#
#............#
.........§§..§.#
......###§##§§##
...##..☼§§§§§## ..
#.)§§☼§§§☼##..# #.
####§§§§☼§§...... ##.
#§§☼§☼§§§§§.....#
#...##☼§@§☼§§§☼☼....##
.......#§o§☼§§§§...##
......)#o.§☼§§§§....#
##..,#§§§##§§§☼....#
... #O########...## ..
#§. #### # ##.. ,.).
,...#


You could see an ogre and 2 orcs.

Vanquished Creatures
  An ice beast (D:4)
  2 scorpions
  2 bombardier beetles (D:4)
  An iguana (D:5)
  Terence (D:3)
  3 orc wizards (D:4)
  6 adders
  2 ribbon worms (D:2)
  A dart slug (D:1)
  16 orcs
  7 endoplasms
  6 giant cockroaches
  7 goblins
  6 hobgoblins
  2 jackals (D:2)
  6 kobolds
  4 quokkas
  5 ball pythons
  4 bats
  5 frilled lizards
  5 rats
92 creatures vanquished.

Notes
Turn   | Place    | Note
-------+----------+-------------------------------------------
     0 | D:1      | KennySheep the Formicid Cinder Acolyte began the quest for
                  | the Orb.
     0 | D:1      | Reached XP level 1. HP: 18/18 MP: 2/2
     4 | D:1      | Noticed a troll
     4 | D:1      | Noticed a felid
     6 | D:1      | Noticed a djinni
     6 | D:1      | Noticed a tengu
   110 | D:1      | Noticed a vampire
   110 | D:1      | Noticed an elf
   112 | D:1      | Noticed a naga
   112 | D:1      | Noticed an octopode
   114 | D:1      | Noticed a demigod
   114 | D:1      | Noticed a vine stalker
   116 | D:1      | Noticed a demonspawn
   118 | D:1      | Noticed a minotaur
   120 | D:1      | Noticed a dwarf
   120 | D:1      | Noticed a human
   122 | D:1      | Noticed a spriggan
   122 | D:1      | Noticed a draconian
   124 | D:1      | Noticed a barachi
   124 | D:1      | Noticed a gargoyle
   127 | D:1      | Noticed an armataur
   129 | D:1      | Noticed a formicid
   129 | D:1      | Noticed an oni
   131 | D:1      | Noticed a ghoul
   131 | D:1      | Noticed a merfolk
   154 | D:1      | Reached XP level 2. HP: 17/24 MP: 3/3
   547 | D:1      | Reached XP level 3. HP: 28/30 MP: 4/4
   699 | D:1      | Found a faded altar of an unknown god.
   704 | D:1      | Got Plato's Notes on the Dynamic Cucurbite
  1040 | D:2      | Reached skill level 4 in Maces & Flails
  1061 | D:2      | Reached XP level 4. HP: 37/37 MP: 5/5
  1441 | D:3      | Reached skill level 1 in Armour
  1693 | D:3      | Noticed Terence
  1708 | D:3      | Killed Terence
  1709 | D:3      | Reached XP level 5. HP: 13/42 MP: 6/6
  2137 | D:4      | Reached skill level 5 in Maces & Flails
  2318 | D:4      | Reached XP level 6. HP: 40/49 MP: 7/7
  2608 | D:4      | Noticed an ice beast
  2622 | D:4      | Killed an ice beast
  2623 | D:4      | Reached XP level 7. HP: 55/55 MP: 8/8
  2649 | D:4      | Reached skill level 5 in Fighting
  2802 | D:4      | Reached skill level 6 in Maces & Flails
  3063 | D:5      | Entered Level 5 of the Dungeon
  3229 | D:5      | Gained mutation: You are partially covered in iridescent
                  | scales. (AC +2) [potion of mutation]
  3229 | D:5      | Gained mutation: Your flesh is cold resistant. (rC+)
                  | [potion of mutation]
  3229 | D:5      | Gained mutation: You have large cloven feet. [potion of
                  | mutation]
  3230 | D:5      | HP: 2/47 [orc/+3 mace of draining (4)]
  3231 | D:5      | Slain by an orc

Illustrated notes

Levels and vault maps discovered:
D:1:      kb_arrival_jail, layout_rooms, shapermc_ecumenical_altar_rom_forum,
          hangedman_decor_riveting, moated_statue, hangedman_decor_opposing
D:2:      layout_rooms, chequers_serial_rivers_room_a
D:3:      layout_rooms, serial_park_tiny_2, eino_tiny_chamber, uniq_terence
D:4:      kb_forest_paths, layout_basic
D:5:      corexii_shack_village, layout_cave_pools, nicolae_inconvenience_store,
          minmay_misc_feat_pillars

Skill      XL: |  1  2  3  4  5  6  7 |
---------------+----------------------+-----
Maces & Flails | 4 5 6 |  6.3
Fighting       | 4 5 |  5.3
Armour         | 1 2 3 |  3.5
Spellcasting   | |  1.1
Fire Magic     | |  3.0

Action                     |  1- 3 |  4- 6 |  7- 9 || total
---------------------------+-------+-------+-------++-------
  Melee: Mace              |    97 |    73 |       ||   170
         Flail             |       |   101 |    70 ||   171
 Invoke: Fiery Armour      |       |     3 |       ||     3
    Use: Scroll            |       |     4 |     3 ||     7
         Potion            |       |     3 |     5 ||     8
   Stab: Sleeping          |     1 |       |       ||     1
 Armour: Robe              |    47 |       |       ||    47
         Scale mail        |    13 |   140 |    61 ||   214
  Dodge: Dodged            |    58 |    78 |    31 ||   167

Table legend: (Time is in decaauts)
 A = Elapsed time spent in this place.
 B = Non-inter-level travel time spent in this place.
 C = Inter-level travel time spent in this place.
 D = Time resting spent in this place.
 E = Time spent auto-exploring this place.
 F = Levels seen in this place.
 G = Mean time per level.
                   A        B        C        D        E       F      G
               +--------+--------+--------+--------+--------+-----+--------+
         Total |   3288 |   3222 |     66 |    379 |   2034 |   5 |  657.6 |
       Dungeon |   3288 |   3222 |     66 |    379 |   2034 |   5 |  657.6 |
               +--------+--------+--------+--------+--------+-----+--------+

Top non-repeatable levels by time:
     D:4: 1058 daAuts
     D:1: 818 daAuts
     D:2: 635 daAuts
     D:3: 603 daAuts
     D:5: 172 daAuts
